Map: Proxima Station LE

Players

NKorDIE

  • Race: Terran Terran
  • Spawn Location: 7:00

Fropez - Winner!

  • Race: Protoss Protoss
  • Spawn Location: 1:00

VOD

Have the link to the VOD?

Description

Time

  • Played on: Jan. 24, 2017, 2:11 p.m.
  • Length: 12:02
Show
View Real Time Build Order
Export as new Build Order

NKorDIE Terran 

Build Orders:  

Get SALT Encoding   

  12  1:06  SCV  
  12  1:10  Refinery  
  13  1:18  SCV  
  13  1:20  Engineering Bay  
  13  1:23  Command Center  
  14  1:28  Supply Depot  
  14  1:52  Barracks  
  14  1:58  Barracks  
  14  2:01  SCV  
  15  2:13  SCV  
  16  2:25  SCV  
  17  2:38  SCV  
  18  2:47  Bunker  
  18  2:50  Barracks Reactor, SCV, Barracks Tech Lab  
  19  3:09  Barracks  
  19  3:16  Orbital Command  
  19  3:20  Marauder  
  21  3:35  Bunker  
  21  3:36  SCV  
  22  3:42  Marine x2  
  24  3:49  SCV  
  25  3:56  Marauder  
  27  4:03  Supply Depot  
  27  4:11  Barracks Tech Lab  
  27  4:18  Engineering Bay  
  27  4:30  Marine x2  
  28  4:36  Combat Shields  
  28  4:49  Barracks  
  28  4:54  Marauder  
  28  4:57  SCV  
  31  5:00  Terran Infantry Weapons Level 1  
  31  5:02  Marine  
  32  5:09  SCV  
  32  5:10  Marauder  
  35  5:16  Marauder  
  35  5:19  Missile Turret  
  35  5:40  Barracks Tech Lab  
  35  5:44  Barracks  
  35  5:51  Marauder  
  35  5:53  Terran Infantry Armor Level 1  
  37  6:00  Bunker  
  37  6:10  Marine x2  
  39  6:12  Marauder  
  41  6:18  Refinery  
  41  6:26  SCV  
  42  6:38  SCV  
  42  6:39  Factory  
  43  6:43  Barracks Reactor  
  43  6:45  Marine x2  
  44  6:52  Concussive Shells  
  44  6:54  SCV  
  45  7:03  Marine, Supply Depot  
  46  7:18  Missile Turret  
  46  7:24  Marine, SCV  
  46  7:26  Supply Depot  
  48  7:38  Missile Turret  
  48  7:41  Marine  
  49  7:46  Marauder x2  
  53  7:58  Factory Reactor  
  53  7:59  Marine  
  53  8:05  Starport  
  54  8:06  SCV  
  54  8:07  Marauder  
  56  8:15  Refinery  
  56  8:16  Marine  
  56  8:18  SCV  
  58  8:30  SCV  
  58  8:33  Marauder  
  61  8:34  Marine  
  61  8:35  Marine x2  
  64  8:52  Marine  
  64  8:53  Marine  
  64  8:55  Marauder  
  57  9:10  Marine  
  41  9:33  Medivac x2  
  41  9:36  Marauder x2  
  41  9:37  Marine x2  
  51  9:52  SCV  
  52  9:55  Marine  
  41  10:15  Orbital Command  
  41  10:46  Marauder, Bunker  
  41  10:48  Marauder  
  41  10:49  Marine  
  46  10:57  SCV  
  47  11:07  Marine  
  47  11:09  Marauder  
  50  11:16  Marine  
  51  11:24  Armory  
  51  11:25  Marine  
  52  11:30  SCV  
  53  11:34  Marine  
  54  11:42  SCV  
Show
View Real Time Build Order
Export as new Build Order

Fropez Protoss - Winner!

Build Orders: Nexus First 

Get SALT Encoding   

  12  0:01  Probe (Chrono Boost)  
  13  0:12  Probe (Chrono Boost)  
  14  0:25  Probe (Chrono Boost)  
  15  0:29  Pylon  
  15  0:48  Probe (Chrono Boost)  
  16  0:58  Probe (Chrono Boost)  
  16  1:03  Nexus  
  17  1:08  Assimilator  
  17  1:10  Probe (Chrono Boost)  
  18  1:21  Probe (Chrono Boost)  
  19  1:32  Probe (Chrono Boost)  
  20  1:33  Gateway  
  20  1:42  Probe (Chrono Boost)  
  20  1:50  Gateway  
  20  1:53  Probe (Chrono Boost)  
  21  2:02  Assimilator  
  21  2:03  Probe (Chrono Boost)  
  22  2:14  Probe (Chrono Boost)  
  22  2:15  Pylon, Probe (Chrono Boost)  
  24  2:24  Cybernetics Core  
  24  2:32  Pylon, Probe (Chrono Boost)  
  26  2:44  Probe (Chrono Boost)  
  26  2:45  Forge  
  26  2:47  Assimilator  
  26  2:50  Probe (Chrono Boost)  
  26  2:51  Warp Gate  
  27  2:55  Probe (Chrono Boost)  
  28  3:01  Adept x2  
  34  3:06  Mothership Core (Chrono Boost)  
  34  3:13  Pylon  
  34  3:14  Probe (Chrono Boost)  
  35  3:20  Pylon  
  35  3:24  Probe (Chrono Boost)  
  36  3:28  Adept  
  36  3:30  Adept  
  40  3:38  Twilight Council  
  40  3:42  Protoss Ground Weapons Level 1  
  40  3:48  Probe (Chrono Boost)  
  41  3:50  Probe (Chrono Boost)  
  42  4:00  Blink  
  44  4:03  Probe (Chrono Boost), Assimilator  
  44  4:04  Probe (Chrono Boost)  
  44  4:08  Pylon  
  44  4:15  Probe (Chrono Boost)  
  44  4:16  Probe (Chrono Boost)  
  44  4:28  Probe x2 (Chrono Boost), Stalker  
  44  4:30  Stalker  
  50  4:45  Probe x2 (Chrono Boost)  
  52  4:55  Gateway  
  52  4:57  Probe x2 (Chrono Boost), Gateway  
  54  5:00  Gateway  
  54  5:09  Probe (Chrono Boost)  
  55  5:23  Protoss Ground Weapons Level 2  
  55  5:28  Adept x2  
  55  6:00  Stalker x3  
  63  6:04  Probe x2 (Chrono Boost)  
  63  6:07  Resonating Glaives  
  63  6:10  Pylon, Photon Cannon  
  63  6:12  Pylon, Photon Cannon  
  63  6:14  Pylon, Photon Cannon, Stalker  
  63  6:15  Stalker  
  63  6:16  Probe (Chrono Boost)  
  63  6:17  Probe (Chrono Boost)  
  69  6:29  Probe (Chrono Boost)  
  70  6:33  Pylon  
  70  6:38  Pylon  
  70  6:43  Pylon  
  70  6:44  Adept x2  
  70  6:45  Adept x3  
  80  7:09  Robotics Facility  
  80  7:11  Robotics Facility  
  80  7:14  Pylon  
  80  7:16  Pylon  
  80  7:18  Stalker x2  
  80  7:19  Stalker x3  
  90  7:58  Adept x2  
  90  7:59  Adept x3  
  100  8:09  Protoss Ground Weapons Level 3  
  98  8:23  Nexus  
  98  8:25  Assimilator  
  100  8:28  Probe x2 (Chrono Boost)  
  100  8:31  Immortal x2  
  108  8:40  Probe (Chrono Boost)  
  109  9:02  Photon Cannon  
  109  9:06  Pylon  
  109  9:17  Adept x5  
  109  9:22  Charge  
  107  9:33  Immortal x2  
  115  9:47  Assimilator  
  103  10:12  Warp Prism, Gateway  
  103  10:13  Gateway  
  105  10:18  Gateway  
  105  10:28  Photon Cannon  
  105  10:30  Pylon  
  105  10:32  Pylon  
  105  10:35  Stalker x4  
  109  10:36  Stalker  
  109  10:37  Photon Cannon  
  109  10:39  Photon Cannon  
  111  10:48  Immortal x2  
  119  11:17  Sentry x2  
  119  11:18  Sentry x4  
  127  12:02  Nexus  
Tags
 
Matchup
PvT
Replay Pack
All Mines
Spawn Locations
Cross Positions
Add a new tag
Caveats
  • Supply blocks, unpowered buildings, or Contaminate may cause inaccurate times.
  • Supply counts are checked every 10 seconds.